 Dungeon Crawl Stone Soup version 0.22-a0-402-ga933591 (webtiles) character file.

5982 Borgoz the Slicer (level 10, -12/64 HPs)
             Began as a Gargoyle Abyssal Knight on May 6, 2018.
             Was a High Priest of Lugonu.
             Mangled by an ogre
             ... wielding a +0 giant spiked club
              (27 damage)
             ... on level 10 of the Dungeon.
             The game lasted 00:18:24 (9595 turns).

Borgoz the Slicer (Gargoyle Abyssal Knight)         Turns: 9595, Time: 00:18:24

Health: -12/64     AC:  3    Str: 16    XL:     10   Next: 85%
Magic:  15/15      EV: 14    Int: 17    God:    Lugonu [*****.]
Gold:   408        SH:  0    Dex: 12    Spells: 9/9 levels left

rFire    . . .     SeeInvis .   i - +3 dagger (venom)
rCold    . . .     Gourm    .   (no shield)
rNeg     + . .     Faith    .   b - +0 leather armour
rPois    ∞         Spirit   .   (no helmet)
rElec    +         Reflect  .   (no cloak)
rCorr    .         Harm     .   (no gloves)
MR       .....                  (no boots)
Stlth    +.........             s - amulet of regeneration
HPRegen  0.60/turn              k - +4 ring of intelligence
MPRegen  0.14/turn              (no ring)

@: corroded
A: negative energy resistance 1, electricity resistance, unbreathing,
petrification resistance, rot immunity, AC +7
a: Depart the Abyss, Bend Space, Banish, Corrupt, Enter the Abyss, Renounce
Religion


You were on level 10 of the Dungeon.
You worshipped Lugonu.
Lugonu was extremely pleased with you.
You were not hungry.

You visited 2 branches of the dungeon, and saw 11 of its levels.
You visited the Abyss 1 time.

You collected 408 gold pieces.

Inventory:

Hand Weapons
 i - a +3 dagger of venom (weapon)
 C - a +1 dagger of speed
Armour
 b - a +0 leather armour (worn)
Jewellery
 k - a +4 ring of intelligence (left hand)
 m - an uncursed ring of ice
 q - an uncursed ring of resist corrosion {unknown}
 s - an amulet of regeneration (around neck)
Wands
 j - a wand of enslavement (14)
 l - a wand of random effects (42)
 u - a wand of flame (21)
 x - a wand of digging (12)
 z - a wand of disintegration (38)
 D - a wand of iceblast (9)
 F - a wand of paralysis (15)
Scrolls
 a - a scroll of immolation {unknown}
 d - 3 scrolls of amnesia {unknown}
 e - 3 scrolls of teleportation
 n - 3 scrolls of enchant armour {unknown}
 o - 3 scrolls of blinking {unknown}
 r - 2 scrolls of enchant weapon {unknown}
 t - a scroll of torment {unknown}
 v - a scroll of magic mapping {unknown}
 w - a scroll of noise {unknown}
Potions
 f - 3 potions of flight
 g - 2 potions of brilliance
 h - 2 potions of curing
 p - a potion of resistance
 A - a potion of agility
 B - a potion of might
 G - a potion of cancellation
 H - 2 potions of lignification
Comestibles
 c - 20 rations


   Skills:
 + Level 8.0 Fighting
 * Level 8.7 Short Blades
 + Level 7.3 Armour
 + Level 5.4 Dodging
 + Level 7.3 Invocations


You had 9 spell levels left.
You didn't know any spells.

Dungeon Overview and Level Annotations

Branches:
Dungeon (10/15)            Temple (1/1) D:7             Orc (0/2) D:9
   Lair: D:8-11

Altars:
Ashenzari
Cheibriados
Dithmenos
Elyvilon
Fedhas
Gozag
Hepliaklqana
Kikubaaqudgha
Makhleb
Nemelex Xobeh
Okawaru
Qazlal
Ru
Sif Muna
Trog
Uskayaw
Vehumet
Wu Jian
Xom
Yredelemnul
Zin
The Shining One

Annotations:
D:2 1 runed door
D:7 1 runed door


Innate Abilities, Weirdness & Mutations

You are resistant to torment.
Your stone body is resilient. (AC +7)
You are immune to poison.
You resist negative energy. (rN+)
You are resistant to electric shocks. (rElec)
You can survive without breathing.
You are immune to petrification.
You are immune to rotting.


Message History

The ogre hits you with a giant spiked club.
* * * LOW HITPOINT WARNING * * *
You closely miss the ogre.
The ogre is lightly wounded.
You hit the ogre.
The ogre looks as sick as possible!
The ogre is lightly wounded.
The ogre completely misses you.
You hit the ogre but do no damage.
The ogre looks as sick as possible!
The ogre is lightly wounded.
You completely miss the ogre.
The ogre is moderately wounded.
You hit the ogre but do no damage.
The ogre looks as sick as possible!
The ogre is moderately wounded.
The ogre closely misses you.
You hit the ogre but do no damage.
The ogre looks as sick as possible!
The ogre is moderately wounded.
You hit the ogre.
The ogre looks as sick as possible!
The ogre is heavily wounded.
The ogre hits you with a giant spiked club!!
You die...

###########
#..........
#..........
#....#....
##.O.# .
#@..# #...#
#...# #...#
....# ....#
##...#
....#


You could see an ogre.

Vanquished Creatures
  A two-headed ogre (D:8)
  Pikel (D:6)
  The ghost of Borgoz the Cutter, a novice GrMo (D:8)
  Eustachio (D:4)
  A steam dragon (D:9)
  5 orc warriors
  3 ice beasts
  A sky beast (D:7)
  2 slaves (D:6)
  10 ogres
  A phantom (D:4)
  4 centaurs
  Blork the orc (D:6)
  A big kobold (D:9)
  3 bullfrogs
  2 scorpions
  4 wights (D:6)
  3 howler monkeys
  5 crimson imps
  A bullfrog zombie (D:7)
  A jelly (D:8)
  4 centaur skeletons
  5 orc priests
  7 hounds
  An iguana (D:8)
  11 orc wizards
  5 worker ants
  A killer bee zombie (D:9)
  2 hound zombies
  2 hound skeletons (D:4)
  A worker ant zombie (D:5)
  7 gnolls
  5 adders
  2 shadow imps (D:5)
  An ooze (D:3)
  An adder zombie (D:9)
  2 worms (D:3)
  5 dart slugs (D:1)
  7 leopard geckos
  65 orcs
  A ball python (D:1)
  5 bats
  A bat zombie (D:2)
  5 giant cockroaches
  14 goblins
  12 hobgoblins
  17 jackals
  4 quokkas
  5 frilled lizards
  A jackal zombie (D:5)
  11 kobolds
  9 rats
  A rat zombie (D:2)
272 creatures vanquished.

Notes
Turn   | Place    | Note
-------+----------+-------------------------------------------
     0 | Abyss:1  | Borgoz the Gargoyle Abyssal Knight began the quest for the Orb.
     0 | Abyss:1  | Reached XP level 1. HP: 14/14 MP: 2/2
    50 | Abyss:1  | Noticed a wretched star
    51 | D:1      | Escaped the Abyss
   182 | D:1      | Reached XP level 2. HP: 19/19 MP: 3/3
   186 | D:1      | Reached skill level 1 in Dodging
   197 | D:1      | Reached * piety under Lugonu
   411 | D:1      | Reached XP level 3. HP: 21/23 MP: 4/4
  1068 | D:1      | Reached ** piety under Lugonu
  1068 | D:1      | Reached XP level 4. HP: 21/29 MP: 5/5
  1240 | D:2      | Found a runed door.
  1240 | D:2      | Noticed a human
  1242 | D:2      | Found a basalt altar of Yredelemnul.
  1382 | D:2      | Found a snail-covered altar of Cheibriados.
  1382 | D:2      | Found a glowing silver altar of Zin.
  1805 | D:2      | Found a stormy altar of Qazlal.
  1983 | D:2      | Reached XP level 5. HP: 23/33 MP: 7/7
  2094 | D:2      | Found a faded altar of an unknown god.
  2265 | D:2      | Found an ancient bone altar of Kikubaaqudgha.
  2875 | D:3      | Reached XP level 6. HP: 30/38 MP: 8/8
  3668 | D:4      | Noticed a phantom
  3672 | D:4      | Reached *** piety under Lugonu
  3757 | D:4      | HP: 1/39 [centaur skeleton (6)]
  3759 | D:4      | Reached XP level 7. HP: 17/44 MP: 9/9
  3819 | D:4      | Noticed Eustachio
  3833 | D:4      | Killed Eustachio
  3873 | D:4      | Reached skill level 5 in Fighting
  4108 | D:4      | Found an iron altar of Okawaru.
  4118 | D:4      | Reached XP level 8. HP: 49/49 MP: 11/11
  4207 | D:4      | Found a shattered altar of Ashenzari.
  4236 | D:4      | Reached skill level 5 in Short Blades
  4388 | D:4      | Found a bloodstained altar of Trog.
  4422 | D:5      | Entered Level 5 of the Dungeon
  4677 | D:5      | Reached skill level 5 in Armour
  4726 | D:5      | Reached skill level 5 in Invocations
  5190 | D:5      | Found a sacrificial altar of Ru.
  5367 | D:6      | Reached XP level 9. HP: 42/55 MP: 12/12
  5419 | D:6      | Reached **** piety under Lugonu
  5422 | D:6      | Noticed Blork the orc
  5457 | D:6      | Killed Blork the orc
  5747 | D:6      | Noticed Pikel
  5772 | D:6      | Killed Pikel
  6289 | D:6      | Found a sparkling altar of Nemelex Xobeh.
  6291 | D:6      | Found a sacrificial altar of Ru.
  6293 | D:6      | Found a basalt altar of Yredelemnul.
  6511 | D:7      | Reached XP level 10. HP: 56/63 MP: 14/14
  6738 | D:7      | Found a staircase to the Ecumenical Temple.
  6776 | Temple   | Entered the Ecumenical Temple
  7027 | D:7      | Found a deep blue altar of Sif Muna.
  7066 | D:7      | Found a runed door.
  7177 | D:7      | You fall through a shaft for 2 floors!
  7179 | D:9      | Found a radiant altar of Vehumet.
  7362 | D:8      | Noticed Borgoz's ghost (novice GrMo)
  7548 | D:8      | Killed Borgoz's ghost
  7548 | D:8      | Reached skill level 5 in Dodging
  7616 | D:8      | Noticed a two-headed ogre
  7670 | D:8      | Killed a two-headed ogre
  8014 | D:8      | Reached ***** piety under Lugonu
  8272 | D:8      | Found an ornate altar of the Wu Jian Council.
  8275 | D:8      | Found a bloodstained altar of Trog.
  9009 | D:9      | Found a staircase to the Orcish Mines.
  9519 | D:10     | Entered Level 10 of the Dungeon
  9595 | D:10     | Mangled by an ogre

Vault maps used:
D:1:      minmay_arrival_loop, minmay_misc_feat_plants
D:2:      nicolae_overflow_hidden_temple, lemuel_zombie_altar_kikubaaqudgha,
          gammafunk_temple_overflow_pools, chequers_ecumenical_altar_lobes,
          dk_yredelemnul_ordeal
D:3:      first_ration, minmay_cut_off
D:4:      okawaru_altar_gauntlet_db, evilmike_ruin_ashenzari,
          minmay_misc_feat_tower, trog_book, uniq_eustachio
D:5:      nicolae_ru_the_path_less_chosen
D:6:      grunt_temple_overflow_open, uniq_pikel, uniq_blork_the_orc
D:7:      led_sif_pool, minmay_temple_entry_fiery, grunt_livestock,
          uniq_crazy_yiuf_cottage
D:8:      kennysheep_mini, trog_butcher_becter
D:9:      vehumet_altar_wand_db, hiddenorc1_lemuel
D:10:     minmay_coctagon, special_room
Temple:   eino_temple_lava

Skill      XL: |  1  2  3  4  5  6  7  8  9 10 |
---------------+-------------------------------+-----
Short Blades   | 2 3 4 6 7 8 |  8.7
Dodging        | 1 2 3 4 5 |  5.4
Fighting       | 4 5 6 7 8 |  8.0
Armour         | 3 4 5 6 7 |  7.3
Invocations    | 3 4 5 6 7 |  7.3

Action                   |  1- 3 |  4- 6 |  7- 9 | 10-12 || total
-------------------------+-------+-------+-------+-------++-------
Melee: Short sword       |   107 |       |       |       ||   107
       Dagger            |    26 |   254 |   519 |   527 ||  1326
Invok: Depart the Abyss  |     1 |       |       |       ||     1
  Use: Scroll            |       |     9 |     3 |     6 ||    18
       Potion            |       |     4 |     2 |     3 ||     9
 Stab: Invisible         |       |       |       |     2 ||     2
       Sleeping          |       |       |       |     1 ||     1
  Eat: Chunk             |     1 |     8 |    10 |    10 ||    29
Armor: Leather armour    |    40 |    86 |   161 |   105 ||   392
       Skin              |       |       |       |    32 ||    32
Dodge: Dodged            |    77 |   132 |   259 |   226 ||   694

Table legend:
 A = Spawn XP
 B = Non-spawn XP
 C = Spawn XP percentage of total XP
 D = Spawn monster count
 E = Non-spawn monster count
 F = Spawn count percentage of total count
 G = Total turns spent on level
                    A         B        C        D         E        F      G
               +---------+---------+-------+---------+---------+-------+---------
         Total |       0 |    8547 |   0.0 |       0 |     270 |   0.0 |  9595
               +---------+---------+-------+---------+---------+-------+---------
           D:1 |       0 |      83 |   0.0 |       0 |      39 |   0.0 |  1132
           D:2 |       0 |     112 |   0.0 |       0 |      16 |   0.0 |  1565
           D:3 |       0 |     241 |   0.0 |       0 |      32 |   0.0 |   861
           D:4 |       0 |    1036 |   0.0 |       0 |      28 |   0.0 |   929
           D:5 |       0 |     805 |   0.0 |       0 |      29 |   0.0 |   801
           D:6 |       0 |    2334 |   0.0 |       0 |      40 |   0.0 |  1146
           D:7 |       0 |     434 |   0.0 |       0 |      19 |   0.0 |   612
           D:8 |       0 |    2023 |   0.0 |       0 |      21 |   0.0 |  1156
           D:9 |       0 |    1479 |   0.0 |       0 |      46 |   0.0 |  1186
               +---------+---------+-------+---------+---------+-------+---------
